SA
COLUMBIA RIVER RATS @ WALLA WALLA WALLEYE
09/03/2022
 
TOP OF THE 1ST
Columbia River Rats batting - Pitching for Walla Walla Walleye : LHP Octávio Fernández
Pitching: LHP Octávio Fernández
Batting: RHB Marcos Calderón 0-0: Ball
1-0: Called Strike
1-1: Fly out, F9 (Flyball, 9LS)
Batting: LHB António Ramos 0-0: Ball
1-0: Ball
2-0: Called Strike
2-1: Swinging Strike
2-2: Strikes out looking
Batting: RHB Lorenzo Rosas 0-0: Ball
1-0: Called Strike
1-1: SINGLE (Groundball, 56D)
Batting: RHB Raúl Ortíz 0-0: Ball
1-0: SINGLE (Flyball, 8RS)
Lorenzo Rosas to second
Batting: LHB Luis Vicenteno 0-0: Ball
1-0: Ball
2-0: Called Strike
2-1: Foul Ball, location: 2F
2-2: Foul Ball, location: 2F
2-2: SINGLE (Groundball, 4MD)
Lorenzo Rosas to third
Raúl Ortíz to second
Runner from 3rd tries for Home, SAFE, no throw or cutoff
Batting: RHB Miguel Montoya 0-0: Called Strike
0-1: Ball
1-1: Swinging Strike
1-2: Ball
2-2: Strikes out swinging
Top of the 1st over - 1 run(s), 3 hit(s), 0 error(s), 2 left on base; Columbia 1 - Walla Walla 0
BOTTOM OF THE 1ST
Walla Walla Walleye batting - Pitching for Columbia River Rats : LHP Kirby Buckner
Pitching: LHP Kirby Buckner
Batting: LHB Ángel López 0-0: Ball
1-0: Foul Ball, location: 2F
1-1: Foul Ball, location: 2F
1-2: Foul Ball, location: 2F
1-2: Strikes out swinging
Batting: RHB Fernando Gonzáles 0-0: Ball
1-0: Ball
2-0: Foul Ball, location: 2F
2-1: Ball
3-1: SINGLE (Groundball, 56D)
Batting: LHB Miguel Zúñiga 0-0: Ball
1-0: Ball
2-0: Foul Ball, location: 2F
2-1: Ground out U3 (Groundball, 3S)
Fernando Gonzáles to second
Batting: RHB Hieu De 0-0: Ball
1-0: Ground out 6-3 (Groundball, 6)
Bottom of the 1st over - 0 run(s), 1 hit(s), 0 error(s), 1 left on base; Columbia 1 - Walla Walla 0
TOP OF THE 2ND
Columbia River Rats batting - Pitching for Walla Walla Walleye : LHP Octávio Fernández
Batting: RHB Enrique Correa 0-0: Called Strike
0-1: Ground out 5-3 (Groundball, 56)
Batting: RHB Héctor Gallegos 0-0: Fly out, F9 (Popup, 4D)
Batting: LHB Juan Montés 0-0: Ball
1-0: Swinging Strike
1-1: Ground out 4-3 (Groundball, 34)
Top of the 2nd over - 0 run(s), 0 hit(s), 0 error(s), 0 left on base; Columbia 1 - Walla Walla 0
BOTTOM OF THE 2ND
Walla Walla Walleye batting - Pitching for Columbia River Rats : LHP Kirby Buckner
Batting: RHB David Abreu 0-0: Fly out, F7 (Flyball, 78M)
Batting: LHB José León 0-0: Foul Ball, location: 2F
0-1: Foul Ball, location: 2F
0-2: Ball
1-2: Ball
2-2: Ball
3-2: Foul Ball, location: 2F
3-2: Strikes out swinging
Batting: RHB Warren Willis 0-0: Ball
1-0: Ball
2-0: Called Strike
2-1: Called Strike
2-2: Ball
3-2: Strikes out swinging
Bottom of the 2nd over - 0 run(s), 0 hit(s), 0 error(s), 0 left on base; Columbia 1 - Walla Walla 0
TOP OF THE 3RD
Columbia River Rats batting - Pitching for Walla Walla Walleye : LHP Octávio Fernández
Batting: RHB Marcos Calderón 0-0: Called Strike
0-1: Fly out, F4 (Popup, 34D)
Batting: LHB António Ramos 0-0: Ball
1-0: Ball
2-0: Called Strike
2-1: Swinging Strike
2-2: Ball
3-2: Ground out U3 (Groundball, 3)
Batting: RHB Lorenzo Rosas 0-0: Ground out 6-3 (Groundball, 6M)
Top of the 3rd over - 0 run(s), 0 hit(s), 0 error(s), 0 left on base; Columbia 1 - Walla Walla 0
BOTTOM OF THE 3RD
Walla Walla Walleye batting - Pitching for Columbia River Rats : LHP Kirby Buckner
Batting: RHB Jorge Arreola 0-0: Called Strike
0-1: Ball
1-1: Foul Ball, location: 2F
1-2: Foul Ball, location: 2F
1-2: Ball
2-2: Strikes out swinging
Batting: LHB Dave Hebert 0-0: Called Strike
0-1: Ball
1-1: Swinging Strike
1-2: DOUBLE (Line Drive, 3L)
Batting: LHB Ángel López 0-0: Foul Ball, location: 2F
0-1: Fly out, F7 (Popup, 7LS)
Batting: RHB Fernando Gonzáles 0-0: Ball
1-0: Swinging Strike
1-1: Swinging Strike
1-2: SINGLE (Line Drive, 4M)
Dave Hebert to third
Batting: LHB Miguel Zúñiga 0-0: Called Strike
0-1: Foul Ball, location: 2F
0-2: Ground out 6-3 (Groundball, 6)
Bottom of the 3rd over - 0 run(s), 2 hit(s), 0 error(s), 2 left on base; Columbia 1 - Walla Walla 0
TOP OF THE 4TH
Columbia River Rats batting - Pitching for Walla Walla Walleye : LHP Octávio Fernández
Batting: RHB Raúl Ortíz 0-0: Called Strike
0-1: Foul Ball, location: 2F
0-2: Foul Ball, location: 2F
0-2: Ball
1-2: Ball
2-2: Strikes out looking
Batting: LHB Luis Vicenteno 0-0: Ball
1-0: Foul Ball, location: 2F
1-1: Called Strike
1-2: Ball
2-2: Ball
3-2: Base on Balls
Batting: RHB Miguel Montoya 0-0: Called Strike
0-1: Ball
1-1: Ball
2-1: Fly out, F6 (Popup, 5D)
Batting: RHB Enrique Correa 0-0: Ball
1-0: Ball
2-0: Called Strike
2-1: Foul Ball, location: 2F
2-2: Foul Ball, location: 2F
2-2: Ball
3-2: Fly out, F6 (Line Drive, 6)
Top of the 4th over - 0 run(s), 0 hit(s), 0 error(s), 1 left on base; Columbia 1 - Walla Walla 0
BOTTOM OF THE 4TH
Walla Walla Walleye batting - Pitching for Columbia River Rats : LHP Kirby Buckner
Batting: RHB Hieu De 0-0: Ball
1-0: SOLO HOME RUN (Flyball, 8RXD), Distance : 460 ft
Batting: RHB David Abreu 0-0: Called Strike
0-1: Foul Ball, location: 2F
0-2: Reached on error, E4 (Groundball, 4)
Batting: LHB José León 0-0: Called Strike
0-1: Ball
1-1: Called Strike
1-2: Strikes out swinging
Batting: RHB Warren Willis 0-0: Ball
1-0: Swinging Strike
1-1: Ball
2-1: Ground out U3 (Groundball, 3L)
David Abreu to third
Batting: RHB Jorge Arreola 0-0: Ball
1-0: Ball
2-0: Ball
3-0: Called Strike
3-1: Base on Balls
Batting: LHB Dave Hebert 0-0: Ball
1-0: Foul Ball, location: 2F
1-1: Ball
2-1: Called Strike
2-2: Fly out, F8 (Flyball, 8LM)
Bottom of the 4th over - 1 run(s), 1 hit(s), 1 error(s), 2 left on base; Columbia 1 - Walla Walla 1
TOP OF THE 5TH
Columbia River Rats batting - Pitching for Walla Walla Walleye : LHP Octávio Fernández
Batting: RHB Héctor Gallegos 0-0: Ball
1-0: Called Strike
1-1: Ball
2-1: Ground out U3 (Groundball, 3S)
Batting: LHB Juan Montés 0-0: Called Strike
0-1: Foul Ball, location: 2F
0-2: Ball
1-2: Foul Ball, location: 2F
1-2: Strikes out swinging
Batting: RHB Marcos Calderón 0-0: Called Strike
0-1: Ball
1-1: Ball
2-1: SINGLE (Line Drive, 8LS)
Batting: LHB António Ramos 0-0: Ball
1-0: Called Strike
1-1: Ball
2-1: Fielders Choice at 2nd, 6-4 (Groundball, 6MS)
Top of the 5th over - 0 run(s), 1 hit(s), 0 error(s), 0 left on base; Columbia 1 - Walla Walla 1
BOTTOM OF THE 5TH
Walla Walla Walleye batting - Pitching for Columbia River Rats : LHP Kirby Buckner
Batting: LHB Ángel López 0-0: Ball
1-0: Ball
2-0: Foul Ball, location: 2F
2-1: Foul Ball, location: 2F
2-2: Foul Ball, location: 2F
2-2: Strikes out swinging
Batting: RHB Fernando Gonzáles 0-0: Called Strike
0-1: Ball
1-1: Called Strike
1-2: Foul Ball, location: 2F
1-2: Ball
2-2: Foul Ball, location: 2F
2-2: Foul Ball, location: 2F
2-2: SINGLE (Groundball, 6M)
Batting: LHB Miguel Zúñiga 0-0: Fly out, F9 (Flyball, 89M)
Batting: RHB Hieu De 0-0: Swinging Strike
0-1: Fielders Choice at 2nd, 6-4 (Groundball, 6)
Bottom of the 5th over - 0 run(s), 1 hit(s), 0 error(s), 0 left on base; Columbia 1 - Walla Walla 1
TOP OF THE 6TH
Columbia River Rats batting - Pitching for Walla Walla Walleye : LHP Octávio Fernández
Batting: RHB Lorenzo Rosas 0-0: Ball
1-0: Foul Ball, location: 2F
1-1: Fly out, F7 (Flyball, 78M)
Batting: RHB Raúl Ortíz 0-0: Called Strike
0-1: Swinging Strike
0-2: Foul Ball, location: 2F
0-2: SINGLE (Flyball, 78S)
Batting: LHB Luis Vicenteno 0-0: Called Strike
0-1: Ball
1-1: Foul Ball, location: 2F
1-2: Ball
2-2: Ball
3-2: Foul Ball, location: 2F
3-2: Fly out, F8 (Flyball, 8LS)
Batting: RHB Miguel Montoya 0-0: Called Strike
0-1: Foul Ball, location: 2F
0-2: Ball
1-2: Strikes out swinging
Top of the 6th over - 0 run(s), 1 hit(s), 0 error(s), 1 left on base; Columbia 1 - Walla Walla 1
BOTTOM OF THE 6TH
Walla Walla Walleye batting - Pitching for Columbia River Rats : LHP Kirby Buckner
Batting: RHB David Abreu 0-0: Called Strike
0-1: Ball
1-1: Called Strike
1-2: Strikes out swinging
Batting: LHB José León 0-0: DOUBLE (Line Drive, 89M)
Batting: RHB Warren Willis 0-0: Foul Ball, location: 2F
0-1: Ball
1-1: Foul Ball, location: 2F
1-2: Foul Ball, location: 2F
1-2: Foul Ball, location: 2F
1-2: Ground out 1-3 (Groundball, 13S)
José León to third
Pitching: RHP Juan Lara
Batting: RHB Jorge Arreola 0-0: Ball
1-0: Called Strike
1-1: Ball
2-1: Ball
3-1: Foul Ball, location: 2F
3-2: Base on Balls
Batting: LHB Dave Hebert 0-0: Swinging Strike
0-1: Ball
1-1: Fly out, F6 (Popup, 56D)
Bottom of the 6th over - 0 run(s), 1 hit(s), 0 error(s), 2 left on base; Columbia 1 - Walla Walla 1
TOP OF THE 7TH
Columbia River Rats batting - Pitching for Walla Walla Walleye : LHP Octávio Fernández
Batting: RHB Enrique Correa 0-0: Ball
1-0: Ground out 1-3 (Groundball, 13S)
Pinch Hitting: RHB Edén Mont 0-0: Swinging Strike
0-1: Called Strike
0-2: Ball
1-2: Ball
2-2: Ball
3-2: Strikes out swinging
Pitching: RHP Juan López
Batting: LHB Juan Montés 0-0: Foul Ball, location: 2F
0-1: Called Strike
0-2: Strikes out looking
Top of the 7th over - 0 run(s), 0 hit(s), 0 error(s), 0 left on base; Columbia 1 - Walla Walla 1
BOTTOM OF THE 7TH
Walla Walla Walleye batting - Pitching for Columbia River Rats : RHP Juan Lara
Now at SS: Héctor Rodríguez
Batting: LHB Ángel López 0-0: Called Strike
0-1: Foul Ball, location: 2F
0-2: Ball
1-2: Ground out 4-3 (Groundball, 4)
Batting: RHB Fernando Gonzáles 0-0: Ground out 6-3 (Groundball, 6M)
Batting: LHB Miguel Zúñiga 0-0: Ball
1-0: Ball
2-0: Ground out 1-3 (Groundball, 13S)
Bottom of the 7th over - 0 run(s), 0 hit(s), 0 error(s), 0 left on base; Columbia 1 - Walla Walla 1
TOP OF THE 8TH
Columbia River Rats batting - Pitching for Walla Walla Walleye : RHP Juan López
Pinch Hitting: RHB Víctor López 0-0: Swinging Strike
0-1: Called Strike
0-2: Ball
1-2: Strikes out swinging
Batting: LHB António Ramos 0-0: Ball
1-0: Called Strike
1-1: Ball
2-1: Called Strike
2-2: Strikes out swinging
Pinch Hitting: LHB Carlos Rodríguez 0-0: Called Strike
0-1: Swinging Strike
0-2: Strikes out swinging
Top of the 8th over - 0 run(s), 0 hit(s), 0 error(s), 0 left on base; Columbia 1 - Walla Walla 1
BOTTOM OF THE 8TH
Walla Walla Walleye batting - Pitching for Columbia River Rats : RHP Juan Lara
Now at 1B: Bryce Bancroft
Now at 3B: Víctor López
Pinch Hitting: LHB Raúl Zamora 0-0: Foul Ball, location: 2F
0-1: Called Strike
0-2: Strikes out swinging
Pinch Hitting: RHB Jim Unknown 0-0: Foul Ball, location: 2F
0-1: Ball
1-1: Ball
2-1: Ball
3-1: Base on Balls
Batting: LHB José León 0-0: Ball
Jim Unknown is caught stealing 2nd base
1-0: Called Strike
1-1: Fly out, F9 (Flyball, 9M)
Bottom of the 8th over - 0 run(s), 0 hit(s), 0 error(s), 0 left on base; Columbia 1 - Walla Walla 1
TOP OF THE 9TH
Columbia River Rats batting - Pitching for Walla Walla Walleye : RHP Juan López
Pitching: RHP Manuel Pader
Now at 1B: Pedro Moravia
Now at 2B: Jim Unknown
Batting: RHB Raúl Ortíz 0-0: Ball
1-0: Called Strike
1-1: Ball
2-1: Foul Ball, location: 2F
2-2: Fly out, F9 (Line Drive, 89M)
Batting: LHB Luis Vicenteno 0-0: DOUBLE (Flyball, 8LXD)
Pinch Hitting: SHB Jim Unknown 0-0: Intentional Walk
Batting: RHB Enrique Correa 0-0: Foul Ball, location: 2F
0-1: Ball
1-1: Called Strike
1-2: Ball
2-2: Foul Ball, location: 2F
2-2: Strikes out swinging
Pinch Hitting: RHB Ron Spence 0-0: Ball
1-0: Swinging Strike
1-1: Foul Ball, location: 2F
1-2: Foul Ball, location: 2F
1-2: SINGLE (Groundball, 34D)
Luis Vicenteno to third
Jim Unknown to second
Runner from 3rd tries for Home, SAFE, no throw or cutoff
Batting: LHB Juan Montés 0-0: Ball
1-0: Ball
2-0: Called Strike
2-1: Fly out, F9 (Flyball, 9M)
Top of the 9th over - 1 run(s), 2 hit(s), 0 error(s), 2 left on base; Columbia 2 - Walla Walla 1
BOTTOM OF THE 9TH
Walla Walla Walleye batting - Pitching for Columbia River Rats : RHP Juan Lara
Pitching: LHP Joaquín Ramírez
Now at SS: Corey Vaughn
Now in CF: Ron Spence
Batting: RHB Warren Willis 0-0: Ground out 4-3 (Groundball, 34)
Pinch Hitting: RHB Jorge Gutiérrez 0-0: Ball
1-0: Foul Ball, location: 2F
1-1: Called Strike
1-2: Ground out 6-3 (Groundball, 6M)
Pinch Hitting: RHB Miguel Rosales 0-0: Ball
1-0: Fly out, F4 (Line Drive, 34)
Bottom of the 9th over - 0 run(s), 0 hit(s), 0 error(s), 0 left on base; Columbia 2 - Walla Walla 1
This league is powered by Out of the Park Baseball, the baseball management simulation game for PC, Mac and Linux
Friday, April 15th, 2016 - OOTP Baseball 16.9 Build 39